 Dungeon Crawl Stone Soup version 0.23-a0-584-g44dd78f (webtiles) character file.

2861 pmoppi the Cleaver (level 9, 0/79 HPs)
             Began as a Hill Orc Gladiator on Dec 17, 2018.
             Was a Follower of Uskayaw.
             Slain by an orc warrior
             ... wielding a +0 halberd
              (17 damage)
             ... on level 8 of the Dungeon.
             The game lasted 00:17:38 (10917 turns).

pmoppi the Cleaver (Hill Orc Gladiator)            Turns: 10917, Time: 00:17:38

Health: 0/79       AC: 16    Str: 20    XL:     9   Next: 75%
Magic:  13/13      EV:  7    Int: 12    God:    Uskayaw [*.....]
Gold:   413        SH:  5    Dex: 12    Spells: 8/8 levels left

rFire    . . .     SeeInvis +   a - +1 war axe
rCold    . . .     Gourm    .   r - +0 buckler
rNeg     . . .     Faith    +   D - +0 plate armour
rPois    .         Spirit   .   c - +1 helmet
rElec    .         Reflect  .   (no cloak)
rCorr    .         Harm     .   i - +0 pair of gloves
MR       .....                  (no boots)
Stlth    ..........             o - amulet of faith
HPRegen  0.23/turn              j - ring of see invisible
MPRegen  0.13/turn              C - +4 ring of intelligence

@: no status effects
A: no striking features
a: Stomp, Renounce Religion, Convert to Beogh


You were on level 8 of the Dungeon.
You worshipped Uskayaw.
Uskayaw was noncommittal.
You were not hungry.

You visited 2 branches of the dungeon, and saw 9 of its levels.
You also visited: Sewer.

You collected 413 gold pieces.

Inventory:

Hand Weapons
 a - a +1 war axe (weapon)
Missiles
 d - 5 throwing nets (quivered)
Armour
 c - a +1 helmet (worn)
 i - a +0 pair of gloves (worn)
 r - a +0 buckler (worn)
 D - a +0 plate armour (worn)
Jewellery
 j - a ring of see invisible (left hand)
 o - an amulet of faith (around neck)
 y - an uncursed ring of protection from cold
 C - a +4 ring of intelligence (right hand)
Wands
 B - a wand of polymorph (9)
 F - a wand of digging (5)
Scrolls
 g - 2 scrolls of enchant weapon
 h - 3 scrolls of magic mapping
 l - 3 scrolls of teleportation
 u - a scroll of blinking
 v - a scroll of fear
 w - 5 scrolls of remove curse
 z - a scroll of fog
Potions
 b - 2 potions of berserk rage
 k - a potion of agility
 m - a potion of heal wounds
 n - 3 potions of curing
 p - a potion of cancellation
 q - 2 potions of might
 s - a potion of flight {unknown}
 x - a potion of resistance
 E - 2 potions of brilliance
Miscellaneous
 e - a phial of floods
Comestibles
 f - 11 rations
 A - 12 chunks of flesh


   Skills:
 + Level 7.2 Fighting
 * Level 11.2 Axes
 - Level 1.7 Throwing
 + Level 6.0 Armour
 - Level 3.0 Dodging
 - Level 4.0 Shields
 + Level 5.6 Invocations


You had 8 spell levels left.
You didn't know any spells.
Your spell library was empty.

Dungeon Overview and Level Annotations

Branches:
Dungeon (8/15)             Temple (1/1) D:4
   Lair: D:8-11

Altars:
Ashenzari
Cheibriados
Dithmenos
Elyvilon
Fedhas
Gozag
Hepliaklqana
Kikubaaqudgha
Makhleb
Nemelex Xobeh
Okawaru
Qazlal
Ru
Sif Muna
Trog
Uskayaw
Vehumet
Wu Jian
Xom
Yredelemnul
Zin
The Shining One

Annotations:
D:5 2 transporters, mudtoeberg's ghost, novice DDFi


Message History

You kill the orc!
The orc priest shouts, "Beogh is our master!
Accept the truth or die!"
The orc hits you but does no damage.
The orc priest hits you with a +0 trident.
You closely miss the orc priest.
The orc priest is heavily wounded.
The orc warrior hits you from afar with a +0 halberd.
The orc hits you but does no damage. The orc priest barely misses you.
Unknown command.
You hit the orc priest.
The orc priest is heavily wounded.
The orc warrior hits you from afar with a +0 halberd!
* * * LOW HITPOINT WARNING * * *
The orc hits you but does no damage.
Unknown command.
You hit the orc priest but do no damage.
The orc priest is heavily wounded.
The orc priest looks encouraged for a moment.
The orc warrior hits you from afar with a +0 halberd!
You die...

...>........÷#.#
.....#..###÷.#.###
...<......†÷.....###
##......####..##...###..
###.##.#....))../.....
...##............###
#.#..##...........##
...##...#........)o.####.
## #..........@o.......
.............o....##
...#####..##.##### ###
....# ..# ....... #.#
#...##. .# ...## . .# ###
.. ..


You could see an orc warrior, an orc priest and an orc.

Vanquished Creatures
  Prince Ribbit (D:6)
  Grinder (D:5)
  A water moccasin (D:6)
  2 orc warriors
  2 phantoms
  2 sky beasts
  2 ice beasts (D:5)
  2 ogres
  3 bullfrogs
  2 scorpions
  4 killer bees (D:8)
  A howler monkey (D:6)
  2 crimson imps (D:5)
  A bullfrog zombie (D:6)
  A quasit (D:5)
  A bullfrog skeleton (D:6)
  A jelly (D:8)
  An orc priest (D:6)
  3 hounds
  4 orc wizards
  2 iguanas (D:7)
  3 worker ants
  A hound skeleton (D:6)
  A worker ant zombie (D:5)
  12 adders
  9 gnolls
  2 shadow imps
  3 oozes (D:1)
  2 adder skeletons (D:4)
  An adder zombie (D:7)
  6 worms
  8 leopard geckos
  15 orcs
  7 bats
  16 giant cockroaches
  5 goblins
  11 hobgoblins
  14 jackals
  10 kobolds
  4 quokkas
  12 ball pythons
  5 frilled lizards
  A giant cockroach zombie (D:5)
  3 leopard gecko skeletons
  6 rats
196 creatures vanquished.

Notes
Turn   | Place    | Note
-------+----------+-------------------------------------------
     0 | D:1      | pmoppi the Hill Orc Gladiator began the quest for the Orb.
     0 | D:1      | Reached XP level 1. HP: 18/18 MP: 1/1
    47 | D:1      | Reached XP level 2. HP: 9/25 MP: 2/2
   525 | D:1      | Reached skill level 1 in Armour
   584 | D:1      | You fall through a shaft!
   593 | D:2      | Reached XP level 3. HP: 22/30 MP: 3/3
   780 | D:2      | Noticed a phantom
  1349 | D:1      | Reached skill level 5 in Axes
  2298 | D:2      | Reached XP level 4. HP: 22/38 MP: 4/4
  2621 | D:2      | Killed a phantom
  2621 | D:2      | Reached XP level 5. HP: 12/45 MP: 5/5
  2999 | D:2      | Reached skill level 6 in Axes
  3750 | D:2      | Reached XP level 6. HP: 47/52 MP: 6/6
  4100 | D:2      | Found an ancient bone altar of Kikubaaqudgha.
  4763 | D:3      | Found a glowing drain.
  4828 | Sewer    | Entered a sewer
  5275 | Sewer    | Reached skill level 7 in Axes
  5994 | D:3      | Noticed a sky beast
  6026 | D:3      | Killed a sky beast
  6026 | D:3      | Reached XP level 7. HP: 37/60 MP: 7/7
  6992 | D:4      | Found a staircase to the Ecumenical Temple.
  7004 | Temple   | Entered the Ecumenical Temple
  7088 | Temple   | Became a worshipper of Uskayaw the Reveler
  7106 | D:4      | Reached * piety under Uskayaw
  7281 | D:4      | Reached skill level 5 in Fighting
  7523 | D:4      | Found a shadowy altar of Dithmenos.
  7532 | D:4      | Reached skill level 8 in Axes
  7590 | D:5      | Entered Level 5 of the Dungeon
  7704 | D:5      | Reached ** piety under Uskayaw
  7711 | D:5      | Reached *** piety under Uskayaw
  7712 | D:5      | Reached skill level 1 in Invocations
  7821 | D:5      | Reached skill level 1 in Shields
  7821 | D:5      | Reached XP level 8. HP: 39/68 MP: 9/9
  7821 | D:5      | Reached **** piety under Uskayaw
  8118 | D:5      | Noticed Grinder
  8136 | D:5      | Paralysed by Grinder for 4 turns
  8146 | D:5      | Paralysed by Grinder for 7 turns
  8158 | D:5      | HP: 1/68 [Grinder (6)]
  8160 | D:5      | Killed Grinder
  8529 | D:5      | Reached skill level 9 in Axes
  8716 | D:5      | Found a transporter.
  8716 | D:5      | Noticed mudtoeberg's ghost (novice DDFi)
  8853 | D:5      | Found a transporter.
  9076 | D:6      | Reached skill level 5 in Armour
  9218 | D:6      | Reached XP level 9. HP: 45/75 MP: 12/12
  9390 | D:6      | Reached skill level 10 in Axes
  9955 | D:6      | Noticed Prince Ribbit
  9970 | D:6      | Killed Prince Ribbit
 10275 | D:7      | Reached skill level 5 in Invocations
 10799 | D:8      | Reached skill level 11 in Axes
 10917 | D:8      | Slain by an orc warrior

Vault maps used:
D:1:      eino_arrival_cavern_a
D:2:      marbit_many_paths
D:3:      cheibrodos_sewer_entry_drain, dk_noncrumbling_2,
          serial_park_tiny_pond, minmay_starry_boxes
D:4:      minmay_temple_entry_slanted, nicolae_dithmenos_through_a_glass_darkly
D:5:      minmay_chambers_of_fours, first_ration, gammafunk_ghost_mausoleum,
          minmay_misc_feat_plants, uniq_grinder
D:6:      uniq_prince_ribbit1
Temple:   dpeg_three_leaves_temple
Sewer:    sewer_frog_island_01

Skill      XL: |  1  2  3  4  5  6  7  8  9 |
---------------+----------------------------+-----
Armour         | 1 2 3 4 5 6 |  6.0
Fighting       | 3 4 5 6 7 |  7.2
Axes           | 5 6 7 8 9 11 | 11.2
Dodging        | 3 |  3.0
Invocations    | 2 4 5 |  5.6
Shields        | 1 3 4 |  4.0
Throwing       | |  1.7

Action                   |  1- 3 |  4- 6 |  7- 9 || total
-------------------------+-------+-------+-------++-------
Melee: War axe           |   153 |   219 |   400 ||   772
Invok: Line Pass         |       |       |     1 ||     1
       Stomp             |       |       |     1 ||     1
  Use: Scroll            |       |     5 |    13 ||    18
       Potion            |       |       |     1 ||     1
 Stab: Paralysed         |       |       |    16 ||    16
  Eat: Chunk             |     3 |    10 |    17 ||    30
       Ration            |       |     1 |       ||     1
Armor: Leather armour    |    34 |       |       ||    34
       Ring mail         |    12 |    91 |     2 ||   105
       Scale mail        |       |       |    87 ||    87
       Chain mail        |       |       |     4 ||     4
       Plate armour      |       |       |   102 ||   102
Dodge: Dodged            |   122 |   165 |   146 ||   433
Block: Buckler           |       |       |    59 ||    59

Table legend:
 A = Non-vault XP
 B = Vault XP
 C = Vault XP percentage of total XP
 D = Non-vault monster count
 E = Vault monster count
 F = Vault count percentage of total count
                 A         B        C        D         E       F
            +---------+---------+-------+---------+---------+-------
      Total |    3175 |     913 |  22.3 |     161 |      35 |  17.9
            +---------+---------+-------+---------+---------+-------
        D:1 |      79 |       0 |   0.0 |      28 |       0 |   0.0
        D:2 |     290 |       2 |   0.7 |      31 |       1 |   3.1
        D:3 |     222 |      29 |  11.6 |      21 |       8 |  27.6
        D:4 |     101 |       0 |   0.0 |      15 |       0 |   0.0
        D:5 |     535 |     458 |  46.1 |      16 |       6 |  27.3
        D:6 |    1016 |     277 |  21.4 |      27 |       1 |   3.6
        D:7 |     485 |       0 |   0.0 |       9 |       0 |   0.0
        D:8 |     447 |       0 |   0.0 |      14 |       0 |   0.0
      Sewer |       0 |     147 | 100.0 |       0 |      19 | 100.0
            +---------+---------+-------+---------+---------+-------
